 Dungeon Crawl Stone Soup version 0.29.1-15-g9cfb28693d (webtiles) character file.

Game seed: 17961331343856622409

6261 loralnil the Geomancer (level 11, -5/72 HPs)
             Began as a Formicid Earth Elementalist on Apr 25, 2023.
             Was a Follower of Hepliaklqana.
             Slain by a centaur
             ... wielding a +0 spear
              (6 damage)
             ... in a bailey.
             The game lasted 00:29:09 (9342 turns).

loralnil the Geomancer (FoEE)                       Turns: 9342, Time: 00:29:10

Health: -5/72      AC:  7    Str: 12    XL:     11   Next: 15%
Magic:  1/27       EV: 12    Int: 20    God:    Hepliaklqana [*.....]
Gold:   426        SH:  6    Dex: 14    Spells: 5/20 levels left

rFire   . . .      SeeInvis +   D - +5 great sword
rCold   . . .      Faith    .   i - +3 buckler
rNeg    + . .      Spirit   .   a - +0 robe
rPois   .          Reflect  .   (helmet unavailable)
rElec   .          Harm     .   C - +2 cloak
rCorr   .          Rampage  .   h - +1 pair of gloves
Will    +....                   (no boots)
Stlth   +++.......              (no amulet)
HPRegen 0.22/turn               e - ring of magical power
MPRegen 0.20/turn               x - ring of positive energy

@: very slightly contaminated
A: reduced essence, permanent stasis, dig shafts and tunnels, antennae 3, four
strong arms
a: Dig, Renounce Religion, Recall Ancestor, Ancestor Identity


You were in a bailey.
You worshipped Hepliaklqana.
Hepliaklqana was aware of your devotion.
You visited 2 branches of the dungeon, and saw 9 of its levels.
You also visited: Bailey.

You collected 426 gold pieces.

Inventory:

Hand Weapons
 D - a +5 great sword (weapon)
Missiles
 m - a throwing net
Armour
 a - a +0 robe (worn)
 h - a +1 pair of gloves (worn)
 i - a +3 buckler (worn)
 C - a +2 cloak (worn)
Magical Staves
 c - a staff of cold
Jewellery
 e - a ring of magical power (left hand)
 n - a ring of poison resistance
 x - a ring of positive energy (right hand)
 y - a ring of protection from cold
 A - a ring of magical power
Wands
 q - a wand of roots (16)
 z - a wand of mindburst (11)
Scrolls
 d - a scroll of magic mapping
 k - 2 scrolls of amnesia {unknown}
 p - a scroll of torment {unknown}
 t - 2 scrolls of fog {unknown}
 u - 3 scrolls of acquirement {unknown}
 v - 4 scrolls of summoning
 w - a scroll of enchant weapon {unknown}
 B - a scroll of immolation {unknown}
Potions
 b - a potion of magic
 f - a potion of curing
 g - 5 potions of flight
 j - a potion of experience {unknown}
 l - 3 potions of might
 o - 2 potions of ambrosia
 r - 2 potions of mutation
 s - 2 potions of heal wounds {unknown}


   Skills:
 + Level 5.2 Fighting
 - Level 1.9 Dodging
 - Level 6.0 Stealth
 - Level 5.0 Spellcasting
 - Level 9.0 Conjurations
 - Level 4.5 Transmutations
 + Level 4.7 Fire Magic
 - Level 10.1 Earth Magic


You had 5 spell levels left.
You knew the following spells:

 Your Spells              Type           Power      Damage    Failure   Level
a - Sandblast             Erth           90%        2d19      1%          1
b - Passwall              Tmut/Erth      28%        N/A       1%          2
c - Stone Arrow           Conj/Erth      86%        3d12      1%          3
d - Petrify               Tmut/Erth      34%        N/A       8%          4
e - Fireball              Conj/Fire      16%        3d8       24%         5

Your spell library contained the following spells:

 Spells                   Type           Power      Damage    Failure   Level
 Freeze                   Ice            20%        1d4       14%         1
 Hailstorm                Conj/Ice       23%        3d7       22%         4
 Frozen Ramparts          Ice            10%        1d2       41%         3
 Portal Projectile        Hex/Tloc       10%        N/A       41%         3
 Tukima's Dance           Hex            5%         N/A       41%         3
 Blade Hands              Tmut           11%        N/A       54%         5
 Starburst                Conj/Fire      16%        6d6       80%         6
 Ignition                 Fire           12%        3d6       100%        8


Dungeon Overview and Level Annotations

Branches:
Dungeon (8/15)             Temple (1/1) D:6            Lair (0/5) D:8
 Bailey (1/1)

Altars:
Dithmenos
Elyvilon
Gozag
Hepliaklqana
Makhleb
Nemelex Xobeh
Okawaru
Qazlal
Trog
Uskayaw
Wu Jian
Xom
Yredelemnul
Zin
The Shining One

Shops:
D:2 [


Innate Abilities, Weirdness & Mutations

Your life essence is reduced to manifest your ancestor. (-10% HP)
You cannot be hasted, slowed, berserked, paralysed or teleported.
You can dig through walls and to a lower floor.
You have a pair of large antennae on your head. (SInv)
Your four strong arms can wield two-handed weapons with a shield.


Message History

Nothing appears to happen.
You block the orc warrior's attack. The centaur closely misses you.
Bolek barely misses the orc warrior.
Casting: Stone Arrow (safe; 1% risk of failure)
Confirm with . or Enter, or press ? or * to list all spells.
You don't have enough magic to cast this spell.
Unknown command.
Casting: Stone Arrow (safe; 1% risk of failure)
Confirm with . or Enter, or press ? or * to list all spells.
Aiming: Sandblast (safe; 1% risk of failure)
Press: ? - help, Shift-Dir - straight line, f/p - orc warrior
Aim: an orc warrior, wielding a +0 spear and wearing a +0 chain mail (heavily wounded, ally target, 83% to hit)
The blast of sand hits the orc warrior!
The orc warrior is almost dead.
You block the centaur's attack.
The orc warrior hits you from afar with a +0 spear.
The centaur throws a javelin.
The javelin pierces through you!
Bolek hits the orc warrior.
The orc warrior hits you from afar with a +0 spear!
* * * LOW HITPOINT WARNING * * *
Casting: Sandblast (safe; 1% risk of failure)
Confirm with . or Enter, or press ? or * to list all spells.
Aiming: Sandblast (safe; 1% risk of failure)
Press: ? - help, Shift-Dir - straight line, f/p - orc warrior
Aim: an orc warrior, wielding a +0 spear and wearing a +0 chain mail (almost dead, ally target, 83% to hit)
The blast of sand hits the orc warrior.
You kill the orc warrior!
The centaur hits you from afar with a +0 spear.
* * * LOW HITPOINT WARNING * * *
The centaur misses you.
The centaur hits you from afar with a +0 spear.
* * * LOW HITPOINT WARNING * * *
Bolek hits the centaur!
The centaur barely misses you. You block the centaur's attack.
Bolek hits the centaur but does no damage.
You hit the centaur.
The centaur is moderately wounded.
The centaur hits you with a +0 spear!
* * * LOW HITPOINT WARNING * * *
The centaur closely misses you. The centaur hits you with a +0 spear.
You die...

.#####.).≈≈≈)~~~~≈
.'.....)≈≈≈~≈≈≈≈≈~~≈≈..≈
.'......≈≈≈~~:)?≈≈≈~~...
.'.....)≈≈≈~≈≈≈≈≈~~≈≈..≈
.#####.).≈≈≈~~~~o≈≈≈...≈
.#≈≈.≈≈....≈≈≈≈≈≈≈....≈≈
.#≈≈≈.≈..........)....≈.
.#≈≈≈.≈≈.⌠......Rc.⌠.≈≈.
.#≈≈≈≈.≈........@....≈.≈
.#≈≈≈≈.≈≈≈.........≈≈≈.≈
.#≈≈≈≈≈..≈≈≈.....≈≈≈..≈≈
.#≈≈≈≈≈≈≈..≈≈≈≈≈≈≈..≈≈≈≈
###≈≈≈≈≈≈≈≈...).).≈≈≈≈≈≈
# ##≈≈≈≈≈≈≈≈≈≈≈≈≈≈≈≈≈≈≈≈
##≈≈≈≈≈≈≈≈≈≈≈≈≈≈≈≈≈≈≈
####################


You could see the friendly Bolek the ancestor, a centaur (ally target) and an
orc.

Vanquished Creatures
  A troll (D:7)
  A hornet (D:7)
  Grinder (D:3)
  Sigmund (D:3)
  A shadow (D:7)
  2 wyverns (D:7)
  3 water moccasins
  10 orc warriors (Bailey)
  A black bear (D:5)
  3 ice beasts
  A sky beast (D:6)
  3 ogres
  9 centaurs
  4 kobold brigands
  A scorpion (D:5)
  Blork the orc (D:5)
  4 bullfrogs (D:7)
  A necrophage (D:6)
  14 wights
  2 electric eels (D:7)
  2 howler monkeys (D:5)
  A crimson imp (D:3)
  A hound (D:4)
  6 jellies
  Crazy Yiuf (D:7)
  An iguana (D:5)
  2 orc wizards (D:7)
  3 gnolls (D:3)
  9 adders
  2 shadow imps
  A white imp (D:5)
  2 ufetubi
  3 worms
  4 dart slugs
  41 orcs
  8 bats
  6 endoplasms
  2 giant cockroaches
  6 goblins
  5 hobgoblins
  A jackal (D:3)
  11 kobolds
  2 quokkas
  A ball python (D:3)
  4 frilled lizards
  7 rats
196 creatures vanquished.

Vanquished Creatures (collateral kills)
  A centaur (Bailey)
  A wight (D:8)
  An electric eel (D:7)
  4 orcs (Bailey)
  3 kobolds
10 creatures vanquished.

Vanquished Creatures (others)
  An ancestor (Bailey)
  5 bushes (D:7)
  3 fungi (D:7)
9 creatures vanquished.

Grand Total: 215 creatures vanquished

Notes
Turn   | Place    | Note
-------+----------+-------------------------------------------
     0 | D:1      | loralnil the Formicid Earth Elementalist began the quest
                  | for the Orb.
     0 | D:1      | Reached XP level 1. HP: 13/13 MP: 3/3
   266 | D:1      | Reached skill level 4 in Earth Magic
   266 | D:1      | Reached XP level 2. HP: 19/19 MP: 3/5
   951 | D:1      | Reached XP level 3. HP: 17/24 MP: 6/6
  1303 | D:2      | Found Onuv Koe's Antique Armour Boutique.
  1313 | D:2      | Learned a level 2 spell: Passwall
  1317 | D:2      | Learned a level 3 spell: Stone Arrow
  1494 | D:2      | Found a faded altar of an unknown god.
  1817 | D:2      | Reached XP level 4. HP: 23/30 MP: 7/7
  2455 | D:3      | Reached XP level 5. HP: 32/35 MP: 8/8
  2475 | D:3      | Noticed Grinder
  2486 | D:3      | Killed Grinder
  2487 | D:3      | Reached skill level 5 in Earth Magic
  2487 | D:3      | Reached XP level 6. HP: 41/41 MP: 9/9
  2779 | D:3      | Noticed Sigmund
  2785 | D:3      | Killed Sigmund
  2786 | D:3      | Reached skill level 5 in Stealth
  2786 | D:3      | Reached skill level 6 in Earth Magic
  2786 | D:3      | Reached XP level 7. HP: 40/46 MP: 10/10
  3041 | D:3      | Found a shimmering altar of Xom.
  3041 | D:3      | Found a burning altar of Makhleb.
  3311 | D:3      | Learned a level 4 spell: Petrify
  4283 | D:5      | Entered Level 5 of the Dungeon
  4334 | D:5      | Noticed a water moccasin
  4344 | D:5      | Killed a water moccasin
  4345 | D:5      | Reached skill level 1 in Conjurations
  4346 | D:5      | Noticed a water moccasin
  4349 | D:5      | Killed a water moccasin
  4350 | D:5      | Reached skill level 7 in Earth Magic
  4350 | D:5      | Reached XP level 8. HP: 45/52 MP: 12/12
  4565 | D:5      | Noticed Blork the orc
  4570 | D:5      | Killed Blork the orc
  5292 | D:6      | Reached skill level 8 in Earth Magic
  5317 | D:6      | Found a staircase to the Ecumenical Temple.
  5335 | Temple   | Entered the Ecumenical Temple
  5502 | Temple   | Became a worshipper of Hepliaklqana the Forgotten
  5549 | D:6      | Found a large runed translucent door.
  5552 | D:6      | Found a large runed translucent door.
  5569 | D:6      | Reached XP level 9. HP: 57/57 MP: 13/15
  5717 | D:6      | Reached skill level 5 in Spellcasting
  5918 | D:6      | Found a shadowy altar of Dithmenos.
  5921 | D:6      | Found an ornate altar of the Wu Jian Council.
  6065 | D:7      | Found a glowing silver altar of Zin.
  6099 | D:7      | Reached skill level 9 in Earth Magic
  6156 | D:7      | Reached skill level 5 in Conjurations
  6361 | D:7      | Found an opulent altar of Gozag.
  6367 | D:7      | Noticed a troll
  6373 | D:7      | Killed a troll
  6374 | D:7      | Reached skill level 10 in Earth Magic
  6479 | D:7      | Found a bloodstained altar of Trog.
  6520 | D:7      | Found a runed translucent door.
  6521 | D:7      | Noticed Crazy Yiuf
  6526 | D:7      | Killed Crazy Yiuf
  6689 | D:7      | Noticed a hornet
  6697 | D:7      | Killed a hornet
  6699 | D:7      | Reached XP level 10. HP: 56/63 MP: 13/17
  7002 | D:7      | Reached * piety under Hepliaklqana
  7684 | D:7      | Learned a level 5 spell: Fireball
  7800 | D:7      | Reached skill level 1 in Fighting
  8066 | D:8      | Reached skill level 1 in Fire Magic
  8222 | D:8      | Found a staircase to the Lair.
  8250 | D:8      | Found a flagged portal.
  8258 | Bailey   | Entered a bailey
  8560 | Bailey   | HP: 1/61 [centaur/+0 spear (6)]
  9029 | Bailey   | Reached XP level 11. HP: 69/69 MP: 16/18
  9337 | Bailey   | Reached skill level 5 in Fighting
  9342 | Bailey   | HP: 1/72 [centaur/+0 spear (7)]
  9342 | Bailey   | Slain by a centaur

Illustrated notes

Levels and vault maps discovered:
D:1:      scummos_arrival_forest, layout_basic
D:2:      layout_loops_ring, serial_shops, nicolae_square_shop,
          ebering_ecumenical_altar_rust
D:3:      layout_loops_ring, grunt_temple_overflow_champion_of_chaos,
          kennysheep_generic_room_6, uniq_grinder, uniq_sigmund
D:4:      layout_basic
D:5:      layout_loops_ring, uniq_blork_the_orc
D:6:      layout_rooms, jmf_multi_god_temple2, minmay_temple_entry_trees
D:7:      layout_basic, zin_statuary, grunt_gozag_statues,
          mainiacjoe_overflow_alcove_2, chequers_serial_rivers_large_b,
          grunt_ogre_cave, dreamdust_princess_bridge, minmay_misc_feat_encased,
          fountainhead, minmay_bent, uniq_crazy_yiuf_cottage
D:8:      layout_layer_cave, kennysheep_slug_shrine,
          mainiacjoe_overflow_concentric_impassable, lair_entry_dummy,
          enter_bailey_1, corexii_leaking_fountain
Temple:   nicolae_temple_two_arcs
Bailey:   bailey_polearm_flooded_kennysheep, bailey

Skill      XL: |  1  2  3  4  5  6  7  8  9 10 11 |
---------------+----------------------------------+-----
Earth Magic    | 4 5 6 7 8 10 | 10.1
Stealth        | 3 4 5 6 |  6.0
Transmutations | 2 3 4 |  4.5
Conjurations   | 1 3 6 9 |  9.0
Spellcasting   | 3 4 5 |  5.0
Fighting       | 4 5 |  5.2
Fire Magic     | 3 4 |  4.7
Dodging        | |  1.9

Action                   |  1- 3 |  4- 6 |  7- 9 | 10-12 || total
-------------------------+-------+-------+-------+-------++-------
Melee: Dagger            |    90 |    31 |     2 |       ||   123
       Halberd           |       |       |    45 |    21 ||    66
       Great sword       |       |       |       |     7 ||     7
 Cast: Sandblast         |    19 |    17 |    87 |   120 ||   243
       Stone Arrow       |       |       |    20 |    36 ||    56
  Use: Scroll            |       |     4 |     8 |     1 ||    13
       Potion            |       |       |       |     2 ||     2
 Stab: Sleeping          |     6 |     2 |     7 |     1 ||    16
Armor: Robe              |    27 |    12 |    24 |    36 ||    99
Dodge: Dodged            |    61 |    15 |    67 |    61 ||   204
Block: Buckler           |    13 |     4 |    13 |    31 ||    61
